 Dungeon Crawl Stone Soup version 0.29-a0-330-g52719c12eb (webtiles) character file.

Game seed: 22956269362925399

27 HoaS the Bolt Thrower (level 3, -1/21 HPs)
             Began as a Kobold Hunter on May 22, 2022.
             Slain by Terence
             ... wielding a +0 flail
              (5 damage)
             ... on level 2 of the Dungeon.
             The game lasted 00:02:36 (815 turns).

HoaS the Bolt Thrower (Kobold Hunter)                Turns: 815, Time: 00:02:37

Health: -1/21      AC:  3    Str:  8    XL:     3   Next: 25%
Magic:  3/3        EV: 14    Int: 10    God:
Gold:   22         SH:  0    Dex: 20    Spells: 2/2 levels left

rFire   . . .      SeeInvis .   a - +1 hand crossbow
rCold   . . .      Faith    .   (no shield)
rNeg    + . .      Spirit   .   b - +0 leather armour
rPois   .          Reflect  .   (no helmet)
rElec   .          Harm     .   (no cloak)
rCorr   +          Rampage  .   (no gloves)
Will    .....                   (no boots)
Stlth   +++.......              (no amulet)
HPRegen 0.07/turn               f - ring of positive energy
MPRegen 0.08/turn               g - ring of resist corrosion

@: weak-willed
A: small, no large weapons, nightstalker 3
a: no special abilities


You were on level 2 of the Dungeon.
You visited 1 branch of the dungeon, and saw 2 of its levels.

You collected 22 gold pieces.

Inventory:

Hand Weapons
 a - a +1 hand crossbow (weapon)
Armour
 b - a +0 leather armour (worn)
Jewellery
 f - a ring of positive energy (left hand)
 g - a ring of resist corrosion (right hand)
Scrolls
 c - a scroll of immolation


   Skills:
 - Level 2.1 Fighting
 + Level 6.6 Crossbows
 - Level 2.4 Dodging
 - Level 1.3 Stealth


You had 2 spell levels left.
You didn't know any spells.
Your spell library was empty.

Dungeon Overview and Level Annotations

Branches:
Dungeon (2/15)

Altars:

Annotations:
D:2 Terence


Innate Abilities, Weirdness & Mutations

You are small and have problems with some larger weapons.
You are completely attuned to the shadows.


Message History

No target in view!
You drop a scroll of vulnerability.
Terence the Incautious comes into view.
He is wielding a +0 flail and wearing a +4 chain mail of poison resistance.
You shoot a bolt.
The bolt hits Terence but does no damage.
Terence shouts!
You shoot a bolt.
The bolt hits Terence but does no damage.
Terence screams, "I'm going to kill you!"
You shoot a bolt. The bolt barely misses Terence.
You shoot a bolt. The bolt hits Terence.
Terence is lightly wounded.
Terence hits you with a +0 flail.
You shoot a bolt.
The bolt hits Terence but does no damage.
Terence is lightly wounded.
Terence shouts, "Get ready for death!"
Terence hits you with a +0 flail. Terence barely misses you.
You shoot a bolt. The bolt hits Terence.
Terence is moderately wounded.
Terence misses you.
You shoot a bolt.
The bolt hits Terence but does no damage.
Terence is moderately wounded.
Terence hits you with a +0 flail.
You shoot a bolt. The bolt completely misses Terence.
Terence hits you with a +0 flail!
You are too injured to fight recklessly!
You are too injured to fight recklessly!
Shoot: a) +1 hand crossbow
Press: ? - help, Q - select action Shift-Dir - straight line, f/p - Terence
Aim: Terence, wielding a +0 flail and wearing a +4 chain mail of poison resistance (moderately wounded, 74% to hit)
You shoot a bolt.
The bolt hits Terence but does no damage.
Terence is moderately wounded.
Terence hits you with a +0 flail.
* * * LOW HITPOINT WARNING * * *
Terence barely misses you. Terence attacks as you move away!
Terence hits you with a +0 flail.
You die...

*,**** *,,,,,*,,,,,,,**
*,*************,,,,,,,,*
*,**,,,,,,,* *,,**,*,,*
*,**,*****,* *,,*,,*,,*
*,**,****#.####,,*,**,,*
*,,,,,,,#.....#,,*,**,,*
****,**,#.....#,,,,,,,,*
*,,,,...#..####.*****
****,#..@@......*
*,....#<#####* **#.###.#
#,,,..# ***####


You could see Terence.

Vanquished Creatures
  2 dart slugs (D:1)
  2 goblins (D:1)
  A hobgoblin (D:1)
  4 quokkas (D:1)
  A ball python (D:1)
  2 bats (D:1)
  2 frilled lizards (D:1)
  5 kobolds (D:1)
  4 rats (D:1)
23 creatures vanquished.

Notes
Turn   | Place    | Note
-------+----------+-------------------------------------------
     0 | D:1      | HoaS the Kobold Hunter began the quest for the Orb.
     0 | D:1      | Reached XP level 1. HP: 12/12 MP: 1/1
   132 | D:1      | Reached XP level 2. HP: 17/17 MP: 2/2
   185 | D:1      | Reached skill level 6 in Crossbows
   359 | D:1      | Reached XP level 3. HP: 21/21 MP: 3/3
   805 | D:2      | Noticed Terence
   815 | D:2      | Slain by Terence

Illustrated notes

Levels and vault maps discovered:
D:1:      amcnicky_arrival_double_pillar, layout_loops_ring, nrook_uturn
D:2:      layout_loops_cross, basic_altar, minmay_domino_4, uniq_terence

Skill      XL: |  1  2 |
---------------+-------+-----
Crossbows      | 6 |  6.6
Fighting       | |  2.1
Dodging        | |  2.4
Stealth        | |  1.3

Action                   || total
-------------------------++-------
 Fire: Hand crossbow     ||    62
  Use: Scroll            ||     5
Armor: Leather armour    ||     2
Dodge: Dodged            ||    13

Table legend: (Time is in decaauts)
 A = Elapsed time spent in this place.
 B = Non-inter-level travel time spent in this place.
 C = Inter-level travel time spent in this place.
 D = Time resting spent in this place.
 E = Time spent auto-exploring this place.
 F = Levels seen in this place.
 G = Mean time per level.
                   A        B        C        D        E       F      G
               +--------+--------+--------+--------+--------+-----+--------+
         Total |    829 |    780 |     49 |      0 |    642 |   2 |  414.5 |
       Dungeon |    829 |    780 |     49 |      0 |    642 |   2 |  414.5 |
               +--------+--------+--------+--------+--------+-----+--------+

Top non-repeatable levels by time:
     D:1: 805 daAuts
     D:2: 23 daAuts
